 Dungeon Crawl Stone Soup version 0.28-a0-895-g6e5f11bd55 (webtiles) character file.

Game seed: 1333071122956888298

84 Twinkles the Vexing (level 4, -2/26 HPs)
             Began as a Kobold Arcane Marksman on Nov 22, 2021.
             Slain by a gnoll (6 damage)
             ... on level 2 of the Dungeon.
             The game lasted 00:04:46 (1966 turns).

Twinkles the Vexing (Kobold Arcane Marksman)        Turns: 1966, Time: 00:04:47

Health: -2/26      AC:  4    Str:  8    XL:     4   Next: 72%
Magic:  6/6        EV: 14    Int: 14    God:
Gold:   49         SH:  0    Dex: 15    Spells: 5/6 levels left

rFire   . . .      SeeInvis .   a - +0 hand crossbow
rCold   . . .      Faith    .   (shield restricted)
rNeg    . . .      Spirit   .   j - +0 leather armour
rPois   .          Reflect  .   i - +0 helmet
rElec   .          Harm     .   (no cloak)
rCorr   .          Rampage  .   (no gloves)
Will    .....                   (no boots)
Stlth   +++.......              (no amulet)
HPRegen 0.08/turn               (no ring)
MPRegen 0.10/turn               (no ring)

@: no status effects
A: small, no large weapons, nightstalker 3
a: no special abilities


You were on level 2 of the Dungeon.
You visited 1 branch of the dungeon, and saw 2 of its levels.

You collected 49 gold pieces.

Inventory:

Hand Weapons
 a - a +0 hand crossbow (weapon)
 b - a +0 short sword
Missiles
 c - 3 bolts (quivered ammo)
 s - 42 stones
Armour
 d - a +0 robe
 i - a +0 helmet (worn)
 j - a +0 leather armour (worn)
Scrolls
 e - 2 scrolls of blinking {unknown}
 f - 3 scrolls of teleportation {unknown}
 l - a scroll of identify {unknown}
Potions
 g - a potion of haste {unknown}
 h - a potion of heal wounds {unknown}
 k - 2 potions of cancellation {unknown}


   Skills:
 + Level 2.0 Fighting
 + Level 3.2 Crossbows
 + Level 3.1 Dodging
 + Level 2.0 Stealth
 + Level 1.9 Spellcasting
 + Level 3.4 Hexes


You had 5 spell levels left.
You knew the following spells:

 Your Spells              Type           Power      Damage    Failure   Level
a - Slow                  Hex            40%        N/A       9%          1

Your spell library contained the following spells:

 Spells                   Type           Power      Damage    Failure   Level
 Inner Flame              Hex/Fire       6%         N/A       45%         3
 Portal Projectile        Hex/Tloc       12%        N/A       45%         3
 Cause Fear               Hex            5%         N/A       63%         4


Dungeon Overview and Level Annotations

Branches:
Dungeon (2/15)

Altars:


Innate Abilities, Weirdness & Mutations

You are small and have problems with some larger weapons.
You are completely attuned to the shadows.


Message History

The rat bites you but does no damage.
The rat twitches its whiskers.
Fire: 9 bolts
Press: ? - help, Q - select action, (/) - cycle Shift-Dir - straight line, f/p - gnoll
Aim: a gnoll, wielding a +1 flail of holy wrath (severely wounded, 66% to hit)
You shoot a bolt. The bolt hits the gnoll!
You kill the gnoll!
Your Fighting skill increases to level 2!
Your Stealth skill increases to level 2!
Fire: 8 bolts
Press: ? - help, Q - select action, (/) - cycle Shift-Dir - straight line, f - rat
Aim: a rat (64% to hit)
You shoot a bolt. The bolt hits the rat.
You kill the rat!
Fire: 7 bolts
Press: ? - help, Q - select action, (/) - cycle Shift-Dir - straight line, f - gnoll
Aim: a gnoll, wielding a +0 whip (lightly wounded, 68% to hit)
You shoot a bolt.
The bolt hits the gnoll but does no damage.
The gnoll is lightly wounded.
Fire: 6 bolts
Press: ? - help, Q - select action, (/) - cycle Shift-Dir - straight line, f/p - gnoll
Aim: a gnoll, wielding a +0 whip (lightly wounded, 68% to hit)
You shoot a bolt. The bolt hits the gnoll.
The gnoll is moderately wounded.
The gnoll misses you. The gnoll hits you with a +0 whip.
* * * LOW HITPOINT WARNING * * *
Fire: 5 bolts
Press: ? - help, Q - select action, (/) - cycle Shift-Dir - straight line, f/p - gnoll
Aim: a gnoll, wielding a +0 whip (lightly wounded, 68% to hit)
You shoot a bolt. The bolt barely misses the gnoll.
The gnoll hits you with a +0 whip.
* * * LOW HITPOINT WARNING * * *
Fire: 4 bolts
Press: ? - help, Q - select action, (/) - cycle Shift-Dir - straight line, f/p - gnoll
Aim: a gnoll, wielding a +0 whip (lightly wounded, 68% to hit)
You shoot a bolt. The bolt hits the gnoll.
The gnoll is moderately wounded.
The gnoll hits you with a +0 whip.
You die...

.####.####
#.....## #.< .#
#.# #.#.....
.###. .## #.#
#.#.#.## #.#..
..###.####
#.#.#.# #....
.........#
#..(..# #.#..
......##.#
###.### . #..
.#######.# #.#
##. .# #.# #g#
#. .# #.# #@# #.
## #.# #..... #.
#.# ###### ####
#.# ...# #<#
##.## #.####
#.#.# #....##
.###^###.....###
## ##...........


You could see a gnoll.

Vanquished Creatures
  Robin (D:2)
  An adder (D:2)
  2 gnolls (D:2)
  2 endoplasms (D:2)
  2 giant cockroaches (D:2)
  7 goblins
  6 hobgoblins
  A quokka (D:1)
  5 ball pythons
  5 bats
  10 frilled lizards
  2 kobolds
  5 rats
49 creatures vanquished.

Notes
Turn   | Place    | Note
-------+----------+-------------------------------------------
     0 | D:1      | Twinkles the Kobold Arcane Marksman began the quest for the
                  | Orb.
     0 | D:1      | Reached XP level 1. HP: 12/12 MP: 2/2
   130 | D:1      | Reached XP level 2. HP: 16/16 MP: 3/3
   749 | D:1      | Found a faded altar of an unknown god.
   758 | D:1      | Reached XP level 3. HP: 15/20 MP: 5/5
   842 | D:1      | Reached skill level 1 in Stealth
  1363 | D:2      | Noticed Robin
  1378 | D:2      | Killed Robin
  1687 | D:2      | Reached XP level 4. HP: 25/26 MP: 6/6
  1929 | D:2      | HP: 5/26 [gnoll (11)]
  1953 | D:2      | HP: 3/26 [gnoll (4)]
  1965 | D:2      | HP: 3/26 [gnoll (1)]
  1966 | D:2      | Slain by a gnoll

Illustrated notes

Levels and vault maps discovered:
D:1:      roderic_octagonal_star, layout_loops_corners, basic_ecumenical_altar,
          minmay_door_square, minmay_lizard_pond
D:2:      layout_loops_ring, minmay_rat_gold_closets, uniq_robin

Skill      XL: |  1  2  3  4 |
---------------+-------------+-----
Stealth        | 1 2 |  2.0
Crossbows      | 3 |  3.2
Dodging        | 3 |  3.1
Fighting       | 2 |  2.0
Spellcasting   | |  1.9
Hexes          | |  3.4

Action                   |  1- 3 |  4- 6 || total
-------------------------+-------+-------++-------
Melee: Short sword       |     7 |       ||     7
 Fire: Hand crossbow     |    69 |    21 ||    90
Armor: Robe              |     5 |       ||     5
       Leather armour    |     1 |     2 ||     3
Dodge: Dodged            |    27 |     1 ||    28

Table legend: (Time is in decaauts)
 A = Elapsed time spent in this place.
 B = Non-inter-level travel time spent in this place.
 C = Inter-level travel time spent in this place.
 D = Time resting spent in this place.
 E = Time spent auto-exploring this place.
 F = Levels seen in this place.
 G = Mean time per level.
                   A        B        C        D        E       F      G
               +--------+--------+--------+--------+--------+-----+--------+
         Total |   1994 |   1969 |     25 |      0 |   1671 |   2 |  997.0 |
       Dungeon |   1994 |   1969 |     25 |      0 |   1671 |   2 |  997.0 |
               +--------+--------+--------+--------+--------+-----+--------+

Top non-repeatable levels by time:
     D:1: 1300 daAuts
     D:2: 694 daAuts
